 Dungeon Crawl Stone Soup version 0.30-a0-779-g7971cf19c3 (webtiles) character file.

Game seed: 227295803248372984

53 PimpSugar the Magician (level 3, 0/25 HPs)
             Began as a Demonspawn Hedge Wizard on Feb 17, 2023.
             Slain by Sigmund
             ... wielding a +0 scythe
              (7 damage)
             ... on level 2 of the Dungeon.
             The game lasted 00:05:02 (1477 turns).

PimpSugar the Magician (Demonspawn Hedge Wizard)    Turns: 1477, Time: 00:05:02

Health: 0/25       AC:  4    Str: 10    XL:     3   Next: 64%
Magic:  4/7        EV: 12    Int: 17    God:
Gold:   70         SH:  5    Dex: 12    Spells: 2/8 levels left

rFire   . . .      SeeInvis .    k - +0 lajatang
rCold   . . .      Faith    .    (shield currently unavailable)
rNeg    . . .      Spirit   .    b - +0 robe
rPois   .          Reflect  +    g - +0 helmet
rElec   .          Harm     .    n - +0 cloak
rCorr   .          Rampage  .    (no gloves)
Will    .....                    (no boots)
Stlth   ++                       r - amulet of reflection
HPRegen 0.24/turn                (no ring)
MPRegen 0.10/turn                (no ring)

@: no status effects
A: demonic guardian 1, powered by death 1
a: no special abilities


You were on level 2 of the Dungeon.
You visited 1 branch of the dungeon, and saw 2 of its levels.

You collected 70 gold pieces.

Inventory:

Hand Weapons
 a - a +0 dagger
 i - a +0 sling
 k - a +0 lajatang (weapon)
Missiles
 j - 14 stones
 s - 2 atropa-tipped darts
Armour
 b - a +0 robe (worn)
 c - a +0 hat
 g - a +0 helmet (worn)
 n - a +0 cloak (worn)
 v - a +2 kite shield
Jewellery
 r - an amulet of reflection (around neck)
Scrolls
 e - 3 scrolls of identify {unknown}
 f - a scroll of silence {unknown}
 h - 2 scrolls of poison {unknown}
 q - a scroll of fear {unknown}
 t - a scroll of brand weapon {unknown}
Potions
 d - a potion of magic
 l - a potion of curing {unknown}
 m - 2 potions of haste {unknown}
 o - a potion of heal wounds {unknown}
 p - a potion of ambrosia {unknown}
 u - 2 potions of mutation {unknown}


   Skills:
 + Level 0.8 Fighting
 + Level 0.4 Staves
 + Level 2.0 Dodging
 + Level 2.0 Stealth
 * Level 3.3 Spellcasting
 * Level 1.8 Conjurations
 + Level 0.3 Hexes
 + Level 1.3 Summonings
 + Level 1.2 Translocations


You had 2 spell levels left.
You knew the following spells:

 Your Spells              Type           Power      Damage    Failure   Level
a - Magic Dart            Conj           32%        1d4       9%          1
b - Call Imp              Summ           7%         N/A       14%         2
c - Portal Projectile     Hex/Tloc       10%        N/A       36%         3

Your spell library contained the following spells:

 Spells                   Type           Power      Damage    Failure   Level
 Slow                     Hex            12%        N/A       16%         1
 Blink                    Tloc           14%        N/A       16%         2
 Cigotuvi's Dreadful Rot  Necr/Pois/Air  4%         N/A       26%         2
 Call Canine Familiar     Summ           7%         N/A       28%         3
 Mephitic Cloud           Conj/Pois/Air  4%         N/A       36%         3
 Leda's Liquefaction      Hex/Erth       1%         N/A       85%         4


Dungeon Overview and Level Annotations

Branches:
Dungeon (2/15)

Altars:

Annotations:
D:2 Sigmund


Innate Abilities, Weirdness & Mutations

A weak demonic guardian rushes to your aid.
You regenerate a little health from kills.


Message History

Okay, then.
Are you sure you want to stumble around while confused and next to your crimson imp?
Okay, then.
Sigmund closely misses you.
Your crimson imp hits Sigmund.
Your crimson imp barely misses Sigmund.
Sigmund points at your crimson imp and mumbles some strange words.
Your crimson imp appears confused.
Your crimson imp barely misses Sigmund.
Are you sure you want to stumble around while confused and next to your crimson imp? [Y]es or [N]o only, please.
Are you sure you want to stumble around while confused and next to your crimson imp? [Y]es or [N]o only, please.
Are you sure you want to stumble around while confused and next to your crimson imp? [Y]es or [N]o only, please.
Are you sure you want to stumble around while confused and next to your crimson imp? [Y]es or [N]o only, please.
Are you sure you want to stumble around while confused and next to your crimson imp?
You miss Sigmund.
Sigmund is heavily wounded.
You feel less confused. Sigmund casts a spell at you. The magic dart hits you.
Sigmund hits you with a +0 scythe!
Your magical contamination has completely faded away.
You slash Sigmund!
Sigmund is almost dead.
Your crimson imp disappears in a puff of smoke!
Sigmund misses you.
You barely miss Sigmund.
Sigmund is almost dead.
You feel yourself speed up.
Sigmund casts a spell.
Sigmund flickers and vanishes!
Deactivating autopickup; reactivate with Ctrl-A.
Something hits you.
* * * LOW HITPOINT WARNING * * *
A demonic guardian appears!
You barely miss something. Something hits you but does no damage.
Something barely misses you. Something hits you!
You die...

...# ####....######### #..#
...# #...##.....##..)###.##
...####................##.####
.......#.....................#
...###...###.............#...#
...# ###.................#...#
..## ###.............#.#...#
#.. ...###...##..........#
##.# .#......@...###.##...# ..
..#####5.### #.##...# #.. ##{#
#.##...# ## #.# ####...# #..
#...# #### #####


You could see a friendly ufetubus (summoned).

Vanquished Creatures
  Terence (D:2)
  3 orcs (D:2)
  2 endoplasms (D:1)
  2 giant cockroaches
  2 goblins (D:2)
  2 jackals (D:1)
  4 kobolds (D:1)
  4 quokkas
  A ball python (D:1)
  3 bats
  A rat (D:1)
25 creatures vanquished.

Notes
Turn   | Place    | Note
-------+----------+-------------------------------------------
     0 | D:1      | PimpSugar the Demonspawn Hedge Wizard began the quest for
                  | the Orb.
     0 | D:1      | Reached XP level 1. HP: 13/13 MP: 4/4
   189 | D:1      | Found a faded altar of an unknown god.
   244 | D:1      | Reached skill level 1 in Translocations
   360 | D:1      | Gained mutation: You regenerate a little health from kills.
                  | [demonic ancestry]
   360 | D:1      | Reached XP level 2. HP: 20/20 MP: 6/6
  1093 | D:1      | Learned a level 2 spell: Call Imp
  1191 | D:2      | Gained mutation: A weak demonic guardian rushes to your
                  | aid. [demonic ancestry]
  1191 | D:2      | Reached XP level 3. HP: 25/25 MP: 7/7
  1293 | D:2      | Learned a level 3 spell: Portal Projectile
  1344 | D:2      | Noticed Terence
  1352 | D:2      | Killed Terence
  1464 | D:2      | Noticed Sigmund
  1477 | D:2      | Slain by Sigmund

Illustrated notes

Levels and vault maps discovered:
D:1:      heliophobic_arrival_enchanted_forest, layout_loops_corners,
          dreamdust_ecumenical_altar_angels_and_demons
D:2:      layout_rooms, kennysheep_jessica_study, uniq_sigmund, uniq_terence

Skill      XL: |  1  2  3 |
---------------+----------+-----
Translocations | 1 |  1.2
Dodging        | 2 |  2.0
Stealth        | 2 |  2.0
Fighting       | |  0.8
Staves         | |  0.4
Spellcasting   | |  3.3
Conjurations   | |  1.8
Hexes          | |  0.3
Summonings     | |  1.3

Action                     || total
---------------------------++-------
  Melee: Dagger            ||    18
         Lajatang          ||    52
   Fire: Sling             ||     6
   Cast: Magic Dart        ||    20
         Call Imp          ||     2
         Portal Projectile ||     1
   Stab: Sleeping          ||     2
 Armour: Robe              ||    23
  Dodge: Dodged            ||    79
  Block: Other             ||    12

Table legend: (Time is in decaauts)
 A = Elapsed time spent in this place.
 B = Non-inter-level travel time spent in this place.
 C = Inter-level travel time spent in this place.
 D = Time resting spent in this place.
 E = Time spent auto-exploring this place.
 F = Levels seen in this place.
 G = Mean time per level.
                   A        B        C        D        E       F      G
               +--------+--------+--------+--------+--------+-----+--------+
         Total |   1504 |   1404 |    100 |     49 |    793 |   2 |  752.0 |
       Dungeon |   1504 |   1404 |    100 |     49 |    793 |   2 |  752.0 |
               +--------+--------+--------+--------+--------+-----+--------+

Top non-repeatable levels by time:
     D:1: 1096 daAuts
     D:2: 408 daAuts
